 Dungeon Crawl Stone Soup version 0.28-a0-1485-g077359a4bf (webtiles) character file.

Game seed: 15967790666807265202

68156 tilp the Warrior (level 14, -17/73 HPs)
             Began as a Felid Ice Elementalist on Jan 10, 2022.
             Was a High Priest of Vehumet.
             Demolished by Aizul (29 damage)
             ... on level 1 of the Swamp on Jan 11, 2022.
             The game lasted 01:30:10 (43708 turns).

tilp the Warrior (Felid Ice Elementalist)          Turns: 43708, Time: 01:30:11

Health: -17/73     AC:  3    Str:  4    XL:     14   Next: 85%
Magic:  2/37       EV:  4    Int: 33    God:    Vehumet [*****.]
Gold:   2410       SH:  0    Dex: 21    Spells: 0/31 levels left
                                        Lives:  0   Deaths: 3

rFire   . . .      SeeInvis +     - Unarmed
rCold   + + .      Faith    .   (shield unavailable)
rNeg    + . .      Spirit   .   (armour unavailable)
rPois   +          Reflect  .   (helmet unavailable)
rElec   .          Harm     .   (cloak unavailable)
rCorr   .          Rampage  .   (gloves unavailable)
Will    ++...                   (boots unavailable)
Stlth   +++.......              b - amulet of Radiheco {rPois rC+ Regen+ Dex+4}
HPRegen 1.02/turn               a - +6 ring of intelligence
MPRegen 0.25/turn               v - ring "Uceacun" {rN+ MP+9 Int+3}

@: sleeping, very slightly contaminated, very slow
A: very small, claws 1, fangs 3, see invisible, speed 1, shaggy fur 3, stealthy
paws, no weapons or thrown items, no armour, multi-lived
a: Renounce Religion


You were on level 1 of the Swamp.
You worshipped Vehumet.
Vehumet was extremely pleased with you.
You visited 6 branches of the dungeon, and saw 26 of its levels.
You also visited: Sewer and Bailey.

You collected 3382 gold pieces.
You spent 972 gold pieces at shops.

Inventory:

Jewellery
 a - a +6 ring of intelligence (left paw)
 b - the amulet of Radiheco (around neck) {rPois rC+ Regen+ Dex+4}
   (You acquired it on level 1 of the Dungeon)

   [amulet of regeneration]

   Dex:       It affects your dexterity (+4).
   rC:        It protects you from cold.
   rPois:     It protects you from poison.
   Regen:     It increases your rate of health regeneration.
 d - a ring of wizardry
 l - a +4 ring of slaying
 o - a +6 ring of strength
 r - a ring of poison resistance
 u - a +4 ring of evasion
 v - the ring "Uceacun" (right paw) {rN+ MP+9 Int+3}
   (You bought it in a shop on level 8 of the Dungeon)

   [ring of magical power]

   Int:       It affects your intelligence (+3).
   rN:        It protects you from negative energy.
   MP:        It affects your magic capacity (+9).
 y - a ring of flight
 E - a +6 ring of dexterity
 K - a +4 ring of protection
 M - a ring of wizardry
 Q - a +6 ring of strength
 T - an amulet of reflection
 U - a +4 ring of protection
 V - an amulet of magic regeneration
Wands
 j - a wand of iceblast (5)
 p - a wand of mindburst (20)
 s - a wand of digging (23)
 t - a wand of flame (10)
 z - a wand of paralysis (27)
 B - a wand of acid (2)
 D - a wand of polymorph (5)
 F - a wand of charming (1)
Scrolls
 f - 7 scrolls of amnesia
 m - 8 scrolls of teleportation
 w - 3 scrolls of blinking
 x - 4 scrolls of immolation
 C - 4 scrolls of fear
 J - 6 scrolls of identify
 L - 2 scrolls of fog
 N - 2 scrolls of magic mapping
 P - 2 scrolls of silence
 R - 2 scrolls of vulnerability
Potions
 c - a potion of magic
 e - 6 potions of haste
 g - 5 potions of curing
 h - 3 potions of attraction
 i - 6 potions of ambrosia
 k - 3 potions of berserk rage
 n - 9 potions of brilliance
 q - 5 potions of mutation
 G - 2 potions of flight
 H - 5 potions of resistance
 I - 2 potions of might
 O - 2 potions of heal wounds
 S - a potion of lignification
 W - a potion of cancellation
Miscellaneous
 A - a phantom mirror


   Skills:
 - Level 15.0 Fighting
 - Level 10.0 Dodging
 - Level 12.0 Stealth
 - Level 10.0 Unarmed Combat
 - Level 9.0 Spellcasting
 - Level 12.0 Conjurations
 - Level 15.0 Ice Magic
 + Level 6.6 Earth Magic
 - Level 8.0 Evocations


You couldn't memorise any spells.
You knew the following spells:

 Your Spells              Type           Power      Damage    Failure   Level
a - Freeze                Ice            100%       1d11      0%          1
b - Frozen Ramparts       Ice            100%       1d12      0%          3
c - Ozocubu's Armour      Ice            85%        N/A       1%          3
d - Hailstorm             Conj/Ice       81%        3d16      1%          4
e - Freezing Cloud        Conj/Ice/Air   32%        6-21      1%          5
f - Stone Arrow           Conj/Erth      100%       3d13      1%          3
g - Iron Shot             Conj/Erth      33%        9d7       3%          6
h - Ozocubu's Refrigerat  Ice            42%        4d13      1%          7

Your spell library contained the following spells:

 Spells                   Type           Power      Damage    Failure   Level
 Yara's Violent Unravell  Hex/Tmut       7%         3d5       22%         5
 Magic Dart               Conj           100%       1d8       0%          1
 Shock                    Conj/Air       100%       1d9       1%          1
 Searing Ray              Conj           100%       2d8       1%          2
 Fulminant Prism          Conj/Hex       26%        3d14      1%          4
 Ice Form                 Ice/Tmut       59%        N/A       1%          4
 Lightning Bolt           Conj/Air       26%        1d42      2%          5
 Animate Skeleton         Necr           28%        N/A       3%          1
 Apportation              Tloc           28%        N/A       3%          1
 Beastly Appendage        Tmut           28%        N/A       3%          1
 Summon Small Mammal      Summ           56%        N/A       3%          1
 Wereblood                Tmut           14%        N/A       4%          2
 Airstrike                Air            7%         N/A       9%          4
 Olgreb's Toxic Radiance  Pois           14%        N/A       9%          4
 Gell's Gravitas          Tloc           14%        N/A       10%         3
 Spider Form              Tmut/Pois      14%        N/A       10%         3
 Swiftness                Air            14%        N/A       10%         3
 Teleport Other           Tloc           14%        N/A       10%         3
 Simulacrum               Ice/Necr       29%        N/A       22%         6
 Animate Dead             Necr           7%         N/A       30%         4
 Summon Lightning Spire   Summ/Air       14%        N/A       30%         4
 Alistair's Intoxication  Tmut/Pois      9%         N/A       65%         5
 Blade Hands              Tmut           7%         N/A       65%         5
 Dispersal                Tloc           7%         N/A       99%         6
 Haunt                    Necr/Summ      7%         N/A       100%        7
 Storm Form               Tmut/Air       7%         N/A       100%        7
 Ignition                 Fire           7%         3d4       100%        8
 Infestation              Necr           7%         N/A       100%        8
 Maxwell's Capacitive Co  Air            7%         ∞         100%        8
 Portal Projectile        Hex/Tloc       Unusable   N/A       N/A         3
 Excruciating Wounds      Necr           Unusable   N/A       N/A         5

Dungeon Overview and Level Annotations

Branches:
Dungeon (15/15)            Temple (1/1) D:6            Lair (6/6) D:10
  Swamp (1/4) Lair:4       Spider (1/4) Lair:4        Slime (0/5) Lair:5
    Orc (2/2) D:9             Elf (0/3) Orc:2        Vaults (0/5) D:13
 Depths (0/4) D:15          Sewer (visited)          Bailey (visited)

Altars:
Ashenzari
Cheibriados
Dithmenos
Elyvilon
Fedhas
Gozag
Hepliaklqana
Kikubaaqudgha
Makhleb
Nemelex Xobeh
Okawaru
Qazlal
Ru
Sif Muna
Trog
Uskayaw
Vehumet
Wu Jian
Xom
Yredelemnul
Zin
The Shining One
Beogh

Shops:
D:4 (   D:7 !   D:8 *(**   D:9 [   Orc:2 [((

Annotations:
D:13 exclusion: 2 hogs, Frances, Kirke
Swamp:1 Aizul


Innate Abilities, Weirdness & Mutations

You have sharp claws.
You have razor-sharp teeth.
You have supernaturally acute eyesight. (SInv)
You cover ground quickly. (Speed+)
Your thick and shaggy fur keeps you warm. (AC +3, rC+)
Your paws help you pounce on unaware monsters.
You are incapable of wielding weapons or throwing items.
You cannot wear armour.
You gain extra lives every three experience levels.


Message History

Aim: Aizul (moderately wounded, 48% to hit)
The iron shot misses Aizul.
You feel sick. Aizul barely misses you. Aizul completely misses you.
Unknown command.
Casting: Iron Shot (dangerous; 3% risk of failure)
Confirm with . or Enter, or press ? or * to list all spells.
Aiming: Iron Shot (dangerous; 3% risk of failure)
Press: ? - help, Shift-Dir - straight line, f/p - Aizul
Aim: Aizul (moderately wounded, 48% to hit)
You miscast Iron Shot.
You are very lightly contaminated with residual magic.
You are blasted with magical energy!
You feel sick.
Aizul yawns, and then pretends she didn't.
Aizul coils herself and waves her upper body at you.
The bolt of poison misses you.
Your icy armour will break if you move.
Continue? [Y]es or [N]o only, please.
Your icy armour will break if you move.
Continue? [Y]es or [N]o only, please.
Your icy armour will break if you move.
Continue? [Y]es or [N]o only, please.
Your icy armour will break if you move.
Continue?
Your icy armour cracks and falls away as you move.
Aizul yawns, and then pretends she didn't.
Aizul hits you!
* * * LOW HITPOINT WARNING * * *
You feel sick. Aizul hits you!
* * * LOW HITPOINT WARNING * * *
You feel sick.
You enter the shallow water.
Moving in this stuff is going to be slow.
You feel sick.
You are no longer poisoned.
Aizul winks several times.
Aizul coils herself and waves her upper body at you.
You fall asleep.
Aizul coils herself and waves her upper body at you.
The bolt of poison misses you. Aizul barely misses you. Aizul hits you!!
You die...

♣♣♣♣♣♣♣♣
♣♣♣.....≈♣♣♣♣♣ ≈
♣≈.≈≈≈≈≈≈.§..♣♣♣
..♣♣♣.≈≈≈≈≈≈≈..S@<≈♣
.[..§≈≈≈≈..≈≈...≈♣♣♣
.≈≈≈.≈≈≈..≈§..♣♣♣♣
≈≈≈§≈..≈≈≈≈..♣≈♣
.♣♣≈)..≈≈≈♣♣..≈
♣♣♣♣≈♣..♣ .....
♣♣.♣♣♣♣ ≈.♣≈≈≈.
♣..♣♣ .♣♣♣.≈. ♣♣.≈♣
.♣ ♣♣♣


You could see Aizul.

Vanquished Creatures
  An orc warlord (Orc:2)
  2 ghost moths (Spider:1)
  The ghost of Yorgos the Cleaver, a journeyman DsBe of Trog (Orc:2)
  A quicksilver ooze (shapeshifter) (D:11)
  Nessos (D:13)
  An entropy weaver (Spider:1)
  Azrael (D:13)
  Snorg (D:11)
  A quicksilver dragon zombie (D:15)
  2 fire dragons
  6 boulder beetles
  12 hydras
  A jorogumo (Spider:1)
  4 ogre magi
  8 two-headed ogres
  6 centaur warriors (D:14)
  5 catoblepae (Lair:6)
  Erica (Orc:1)
  A death knight (D:15)
  An orc high priest (Orc:2)
  4 tengu warriors (D:14)
  10 death yaks (Lair:6)
  A vampire mage (D:15)
  The ghost of kae the Transmogrifier, a novice DrTm of Ru (D:8)
  A deep elf knight (D:13)
  A spriggan (Swamp:1)
  A sun moth (Spider:1)
  3 pharaoh ants (Spider:1)
  3 skeletal warriors
  A goliath frog (Swamp:1)
  A steelbarb worm (Spider:1)
  2 orb spiders (Spider:1)
  2 tengu zombies (D:15)
  2 necromancers
  A harpy (shapeshifter) (D:14)
  3 deep elf pyromancers (D:13)
  3 orc sorcerers
  2 orc knights
  A wizard (D:14)
  2 oklob plants (Lair:5)
  2 deep elf zephyrmancers (D:13)
  5 manticores
  5 ugly things
  7 cyclopes
  2 will-o-the-wisps
  Maurice (D:9)
  3 wolf spiders
  A moth of wrath (Spider:1)
  9 elephants
  6 black mambas
  3 demonic crawlers (Spider:1)
  A gargoyle (D:12)
  16 cane toads
  4 rime drakes
  An unseen horror (D:11)
  5 yaktaurs (D:13)
  An efreet (D:15)
  6 komodo dragons
  5 freezing wraiths (D:15)
  A tengu conjurer (D:14)
  A meliai (shapeshifter) (D:15)
  2 polar bears
  A queen bee (Lair:4)
  A hornet (Swamp:1)
  7 trolls
  3 meliai (Lair:4)
  10 tarantellas (Spider:1)
  10 blink frogs
  10 slime creatures (D:14)
  An ettin zombie (D:15)
  9 jumping spiders (Spider:1)
  9 wraiths
  2 centaur simulacra (D:14)
  3 vampires
  8 culicivoras (Spider:1)
  5 fire elementals (D:13)
  28 yaks
  8 basilisks
  5 wyverns
  A hog (shapeshifter) (D:14)
  5 vampire mosquitoes
  The ghost of 1player the Slasher, an amateur DjMo of Elyvilon (D:5)
  25 redbacks
  3 wargs (Orc:2)
  14 water moccasins
  3 hell hounds (D:13)
  47 orc warriors
  2 sky beasts (D:6)
  4 ice beasts
  A black bear (D:4)
  11 ogres
  21 wolves
  2 necrophages
  27 centaurs
  A phantom (D:7)
  3 kobold brigands
  4 bullfrogs
  A water moccasin zombie (D:7)
  2 scorpions
  A water moccasin skeleton (D:4)
  24 killer bees
  12 wights
  2 electric eels (Lair:1)
  A howler monkey (D:12)
  A bullfrog zombie (D:7)
  2 centaur zombies (D:9)
  20 orc priests
  3 hounds (D:6)
  7 centaur skeletons
  3 jellies
  6 iguanas
  37 orc wizards
  A hound skeleton (D:5)
  3 howler monkey zombies
  7 gnolls
  12 adders
  5 river rats
  An ufetubus (D:6)
  7 worms
  4 dart slugs
  142 orcs
  12 ball pythons
  3 bats
  13 endoplasms
  5 giant cockroaches
  8 goblins
  11 hobgoblins
  7 jackals
  4 quokkas
  2 frilled lizards (D:2)
  12 kobolds
  10 rats
875 creatures vanquished.

Vanquished Creatures (others)
  A centaur skeleton (D:13)
  2 foxfires (Lair:4)
  16 fungi
  58 plants
  8 withered plants (D:15)
85 creatures vanquished.

Grand Total: 960 creatures vanquished

Notes
Turn   | Place    | Note
-------+----------+-------------------------------------------
     0 | D:1      | tilp the Felid Ice Elementalist began the quest for the
                  | Orb.
     0 | D:1      | Reached XP level 1. HP: 7/7 MP: 4/4
   254 | D:1      | Reached XP level 2. HP: 8/11 MP: 0/6
  1010 | D:1      | You fall into a shaft and drop 1 floor!
  1035 | D:2      | Reached XP level 3. HP: 4/14 MP: 1/7
  1039 | D:2      | Learned a level 3 spell: Frozen Ramparts
  1907 | D:1      | Found a faded altar of an unknown god.
  1933 | D:1      | Identified a scroll of acquirement
  1933 | D:1      | Acquired the amulet of Radiheco {rPois rC+ Regen+ Dex+4}
  1945 | D:1      | Learned a level 3 spell: Ozocubu's Armour
  2550 | D:2      | Reached XP level 4. HP: 14/18 MP: 4/9
  2920 | D:2      | Acquired 678 gold pieces
  3018 | D:3      | Reached skill level 5 in Ice Magic
  3423 | D:3      | Reached XP level 5. HP: 21/21 MP: 1/10
  3574 | D:3      | Identified the +4 scale mail of Gravitas {rF- rC- Int+6
                  | Stlth+}
  4402 | D:4      | Noticed a black bear
  4407 | D:4      | Killed a black bear
  4408 | D:4      | Reached skill level 1 in Fighting
  4408 | D:4      | Reached skill level 1 in Unarmed Combat
  4408 | D:4      | Gained mutation: You are covered in thick fur. (AC +2)
                  | [Felid growth]
  4408 | D:4      | Reached XP level 6. HP: 25/25 MP: 2/11
  4722 | D:4      | Identified the +1 robe "Man Doe" {rElec Regen+ Dex+6}
  4723 | D:4      | Found a snail-covered altar of Cheibriados.
  4723 | D:4      | Found an iron altar of Okawaru.
  4787 | D:4      | Found a shadowy altar of Dithmenos.
  4922 | D:4      | Found Jugousu's Antique Weapon Emporium.
  5122 | D:4      | Learned a level 4 spell: Hailstorm
  5153 | D:5      | Entered Level 5 of the Dungeon
  5197 | D:5      | Reached skill level 5 in Stealth
  5197 | D:5      | Reached XP level 7. HP: 25/29 MP: 10/12
  5392 | D:5      | Found a transporter.
  5566 | D:5      | Found a transporter.
  5566 | D:5      | Noticed 1player's ghost (amateur DjMo)
  5883 | D:5      | Reached skill level 1 in Conjurations
  5982 | D:5      | Reached XP level 8. HP: 33/33 MP: 6/14
  6280 | D:6      | Found a glowing drain.
  6329 | Sewer    | Entered a sewer
  8048 | D:6      | Found a staircase to the Ecumenical Temple.
  8066 | D:6      | Learned a level 2 spell: Searing Ray
  8067 | Temple   | Entered the Ecumenical Temple
  8265 | Temple   | Became a worshipper of Vehumet
  8333 | D:6      | Reached skill level 5 in Spellcasting
  8372 | D:6      | Reached XP level 9. HP: 14/36 MP: 6/17
  8839 | D:6      | Upgraded the game from 0.28-a0-1447-ga5a8893891 to
                  | 0.28-a0-1485-g077359a4bf
  9138 | D:7      | Reached skill level 1 in Evocations
  9343 | D:7      | Found Bamesah's Distillery.
  9413 | D:7      | Bought a potion of degeneration for 11 gold pieces
  9413 | D:7      | Bought a potion of curing for 33 gold pieces
  9413 | D:7      | Bought a potion of curing for 33 gold pieces
  9413 | D:7      | Bought a potion of brilliance for 44 gold pieces
  9413 | D:7      | Bought a potion of mutation for 88 gold pieces
  9568 | D:7      | Identified the +6 whip of Change {pain, *Corrode rPois
                  | Str+4 Stlth+}
 10434 | D:8      | Reached skill level 5 in Dodging
 10561 | D:8      | Found Saratig's Assorted Antiques.
 10587 | D:8      | Found Xaptin's General Store.
 10622 | D:8      | Bought a scroll of identify for 30 gold pieces
 10622 | D:8      | Bought a scroll of magic mapping for 52 gold pieces
 10719 | D:8      | Found Kaupnupt's Antique Weapon Shoppe.
 10865 | D:8      | Reached * piety under Vehumet
 10865 | D:8      | Offered knowledge of Sandblast by Vehumet.
 11385 | D:8      | Found a blossoming altar of Fedhas.
 11464 | D:8      | Found a transporter.
 11464 | D:8      | Noticed kae's ghost (novice DrTm)
 11505 | D:8      | Found a transporter.
 11510 | D:8      | Identified the +9 giant club "Tamogomo" {flame, *Rage rElec
                  | Dex+5}
 11510 | D:8      | Identified the +5 giant club of Defilement {venom, *Rage
                  | rPois Int+4 Dex+3}
 11510 | D:8      | Noticed a two-headed ogre
 11557 | D:8      | Reached skill level 5 in Unarmed Combat
 11562 | D:8      | Shot with an arrow by a centaur
 11563 | D:8      | Reached XP level 8. HP: 0/36 MP: 16/16
 11623 | D:8      | Reached XP level 9. HP: 36/38 MP: 17/17
 11667 | D:8      | Bought an encrusted bronze wand for 88 gold pieces
 11667 | D:8      | Bought a scroll labelled COZXEZOEDO for 22 gold pieces
 11667 | D:8      | Bought a steaming silver ring for 110 gold pieces
 11667 | D:8      | Identified the ring "Uceacun" {rN+ MP+9 Int+3} (You bought
                  | it in a shop on level 8 of the Dungeon)
 11986 | D:8      | Found Iniyhow's General Store.
 11993 | D:8      | Bought a scroll of blinking for 105 gold pieces
 11993 | D:8      | Bought a scroll of immolation for 49 gold pieces
 12189 | D:8      | Bought a ring of flight for 262 gold pieces
 12189 | D:8      | Bought a potion of curing for 45 gold pieces
 12306 | D:9      | Identified the +6 mace of the Elven Halls {vorpal, *Noise
                  | rElec rF+ Str+3}
 12391 | D:9      | Found a flagged portal.
 12420 | Bailey   | Entered a bailey
 12842 | Bailey   | Offered knowledge of Static Discharge by Vehumet.
 12856 | Bailey   | Reached ** piety under Vehumet
 13186 | Bailey   | Reached skill level 5 in Fighting
 13714 | Bailey   | Reached XP level 10. HP: 10/45 MP: 10/18
 14579 | Bailey   | Reached XP level 11. HP: 51/51 MP: 21/21
 14932 | D:9      | Found Xoirolah's Armour Emporium.
 14933 | D:9      | Found a staircase to the Orcish Mines.
 15255 | D:9      | Offered knowledge of Ignite Poison by Vehumet.
 15317 | D:9      | Noticed Maurice
 15348 | D:9      | Killed Maurice
 15441 | D:9      | Noticed a two-headed ogre
 15461 | D:9      | Killed a two-headed ogre
 15463 | D:9      | Reached skill level 10 in Ice Magic
 15592 | D:9      | Noticed a two-headed ogre
 15598 | D:9      | Killed a two-headed ogre
 15676 | D:9      | Reached *** piety under Vehumet
 15684 | D:9      | Noticed a two-headed ogre
 16013 | D:9      | Killed a two-headed ogre
 16151 | D:10     | Entered Level 10 of the Dungeon
 16160 | D:10     | Reached skill level 10 in Fighting
 16409 | D:10     | Found a staircase to the Lair.
 16687 | D:10     | Offered knowledge of Airstrike by Vehumet.
 16831 | D:10     | Noticed an ogre mage
 16916 | D:10     | Killed an ogre mage
 17446 | D:11     | Gained mutation: Your thick and shaggy fur keeps you warm.
                  | (AC +3, rC+) [Felid growth]
 17446 | D:11     | Reached XP level 12. HP: 58/58 MP: 16/23
 17863 | D:11     | Noticed a quicksilver ooze
 17866 | D:11     | Killed a quicksilver ooze
 17902 | D:11     | Noticed Snorg
 17909 | D:11     | Killed Snorg
 18167 | D:11     | Noticed a fire dragon
 18327 | D:5      | Killed 1player's ghost
 18328 | D:5      | Reached **** piety under Vehumet
 18527 | Lair:1   | Entered Level 1 of the Lair of Beasts
 18639 | D:10     | Offered knowledge of Stone Arrow by Vehumet.
 18646 | D:10     | Learned a level 3 spell: Stone Arrow
 18770 | Lair:1   | Noticed a six-headed hydra
 18828 | Lair:1   | Noticed a seven-headed hydra
 18838 | Lair:1   | Killed a seven-headed hydra
 18839 | Lair:1   | Reached skill level 10 in Stealth
 19578 | Lair:1   | Killed a six-headed hydra
 19579 | Lair:1   | Reached skill level 1 in Earth Magic
 20336 | Lair:2   | Noticed an eight-headed hydra
 20340 | Lair:2   | Killed an eight-headed hydra
 20764 | Lair:3   | Found an iron altar of Okawaru.
 21024 | Lair:3   | Reached XP level 13. HP: 65/65 MP: 25/25
 21087 | Lair:3   | Reached ***** piety under Vehumet
 21195 | Lair:3   | Offered knowledge of Iron Shot by Vehumet.
 21209 | Lair:3   | Reached skill level 5 in Evocations
 21333 | Lair:3   | HP: 3/65 [yak (13)]
 21339 | Lair:3   | HP: 3/65 [poisoned by a cane toad]
 21700 | Lair:3   | Learned a level 6 spell: Iron Shot
 21752 | Lair:4   | Found a hole to the Spider Nest.
 22725 | Lair:4   | Found a staircase to the Swamp.
 24444 | Lair:5   | Found a staircase to the Slime Pits.
 24466 | Lair:6   | Entered Level 6 of the Lair of Beasts
 24508 | Lair:6   | Reached skill level 10 in Conjurations
 25339 | Lair:6   | Offered knowledge of Sticky Flame by Vehumet.
 25340 | Lair:6   | Reached XP level 14. HP: 30/70 MP: 23/27
 26449 | Lair:6   | Reached skill level 5 in Earth Magic
 27755 | D:8      | Killed kae's ghost
 28046 | Orc:1    | Entered Level 1 of the Orcish Mines
 28238 | Orc:1    | Noticed Erica
 28245 | Orc:1    | Killed Erica
 28420 | Orc:2    | Entered Level 2 of the Orcish Mines
 28519 | Orc:2    | Found a staircase to the Elven Halls.
 29393 | Orc:2    | Found a runed translucent gate.
 29540 | Orc:2    | Found Puamotoc's Distillery.
 29712 | Orc:2    | Noticed Yorgos's ghost (journeyman DsBe)
 30140 | Orc:2    | Found a runed translucent gate.
 30140 | Orc:2    | Found a runed translucent gate.
 30209 | Orc:2    | HP: 3/71 [Yorgos's ghost (2)]
 30240 | Orc:2    | Killed Yorgos's ghost
 30245 | Orc:2    | Offered knowledge of Starburst by Vehumet.
 30923 | Orc:2    | Found Dalefas's Antique Weapon Emporium.
 31058 | Orc:2    | Found a shimmering blue altar of Sif Muna.
 31385 | Orc:2    | Paralysed by an orc sorcerer for 6 turns
 31388 | Orc:2    | Noticed an orc warlord
 31459 | Orc:2    | Killed an orc warlord
 31785 | Orc:2    | Found Ukkish's Antique Weapon Shoppe.
 31787 | Orc:2    | Found Tothrac's Antique Armour Emporium.
 32341 | D:12     | Found a broken altar of Ashenzari.
 33106 | D:13     | Reached XP level 15. HP: 75/75 MP: 29/29
 33230 | D:13     | Noticed Azrael
 33237 | D:13     | Killed Azrael
 33417 | D:13     | Noticed Nessos
 33420 | D:13     | Killed Nessos
 33705 | D:13     | Identified the +0 leather armour "Coarr" {Rampage Int-4
                  | Dex+3 SInv}
 33780 | D:13     | Noticed Kirke
 33780 | D:13     | Noticed Frances
 35055 | D:13     | Shot with a bolt by a yaktaur
 35056 | D:13     | Reached XP level 14. HP: -8/72 MP: 22/37
 35533 | D:13     | Found a gate to the Vaults.
 36479 | D:14     | Reached skill level 15 in Fighting
 36885 | D:14     | Offered knowledge of Fireball by Vehumet.
 37811 | D:14     | Reached skill level 10 in Dodging
 37991 | D:14     | Found a glowing silver altar of Zin.
 37991 | D:14     | Found a white marble altar of Elyvilon.
 37991 | D:14     | Found a glowing golden altar of the Shining One.
 38319 | D:14     | Reached skill level 10 in Unarmed Combat
 38327 | D:14     | Learned a level 7 spell: Ozocubu's Refrigeration
 38458 | D:14     | Reached XP level 15. HP: 44/77 MP: 10/29
 38844 | D:15     | Entered Level 15 of the Dungeon
 39444 | D:15     | Found a shadowy altar of Dithmenos.
 39489 | D:15     | Offered knowledge of Freezing Cloud by Vehumet.
 39497 | D:15     | Learned a level 5 spell: Freezing Cloud
 39567 | D:15     | Found a staircase to the Depths.
 39812 | D:15     | Found a sacrificial altar of Ru.
 41125 | Spider:1 | Entered Level 1 of the Spider Nest
 42586 | Spider:1 | HP: 3/77 [demonic crawler (13)]
 42587 | Spider:1 | Slain by a demonic crawler
 42588 | Spider:1 | Reached XP level 14. HP: -5/73 MP: 2/37
 42764 | Spider:1 | Offered knowledge of Yara's Violent Unravelling by Vehumet.
 42773 | Lair:4   | HP: 2/73 [wolf spider simulacrum (10)]
 43093 | Spider:1 | Reached skill level 15 in Ice Magic
 43522 | Swamp:1  | Entered Level 1 of the Swamp
 43695 | Swamp:1  | Noticed Aizul
 43708 | Swamp:1  | Demolished by Aizul

Illustrated notes

Levels and vault maps discovered:
D:1:      minmay_arrival_widening_spiral_wide, layout_loops_ring,
          hellmonk_ecumenical_altar_heavens_door
D:2:      layout_basic, serial_bayou_lagoon_a, minmay_strange_pillars
D:3:      layout_basic, dk_vineyard_2, kennysheep_generic_room_8
D:4:      layout_basic, gammafunk_temple_overflow_forgotten, serial_shops,
          kennysheep_little_box, grunt_decor_junction
D:5:      layout_loops_ring, gammafunk_ghost_arena, minmay_door_square,
          chequers_serial_rivers_large_a
D:6:      minmay_diamond_boxcup, layout_basic, minmay_temple_entry_offerings,
          portal_sewer_entry_b
D:7:      layout_basic, serial_shops, shop, kennysheep_generic_room_13
D:8:      layout_cave_pods, lemuel_crystal_altar, serial_shops,
          nicolae_stop_n_shop_1, nicolae_shop_trees, nicolae_shop_waterfront,
          nicolae_stop_n_shop_1, gammafunk_ghost_smash, centaur_isle
D:9:      layout_basic, orc_david_3, enter_bailey_4, minmay_holes,
          kennysheep_kite_vault, uniq_maurice
D:10:     layout_loops_corners, lair_entry_dummy, lightli_fourway_metalbox
D:11:     layout_irregular_city, uniq_snorg
D:12:     layout_stronghold, ashenzari_conservatory_becter
D:13:     layout_roguey, hangedman_vaults_entry_quadrant_bands, uniq_kirke,
          uniq_frances, uniq_nessos, uniq_azrael
D:14:     minmay_the_grid_plus_closed [minmay_the_grid_plusring,
          minmay_the_grid_rooms, minmay_the_grid_empty,
          minmay_the_grid_aliased_spiral, minmay_the_grid_prize_four_corners],
          layout_basic, good_gods_mini_temple
D:15:     gammafunk_depths_entry_grave, layout_stronghold, hangedman_ru_absence,
          nicolae_dithmenos_the_darkroom
Temple:   eino_narrow_crystal_temple
Lair:1:   layout_big_grid, serial_bayou_shore_a, grunt_megastairs_4
Lair:2:   layout_gridlike, grunt_megastairs_3
Lair:3:   layout_big_grid, basic_altar, infiniplex_staircase_pool_2
Lair:4:   layout_cellular_growth, minmay_swamp_entry_wisps,
          spider_nest_entry_webs, special_room [special_room_bee]
Lair:5:   layout_small_grid, minmay_slime_entry_oklob_open
Lair:6:   evilmike_catoblepas_cave, layout_cave_pods
Swamp:1:  layout_basic_swamp, evilmike_swamp_ruin_house_3, swamp_pool5,
          uniq_josephine, uniq_aizul
Spider:1: layout_spider_delve, hangedman_spider_tarantella_strand
Orc:1:    layout_caves, serial_shops, rock_pile, uniq_erica
Orc:2:    grunt_orc_community_town_hall, layout_caves,
          grunt_orc_community_big_house_2, grunt_orc_community_big_house_2,
          grunt_orc_community_house_2, grunt_orc_community_house_1,
          grunt_orc_community_house_1, grunt_orc_community_house_2,
          grunt_orc_community_house_1, gammafunk_ghost_split,
          kennysheep_orc_sif_temple

Skill      XL: |  1  2  3  4  5  6  7  8  9 10 11 12 13 14 15 |
---------------+----------------------------------------------+-----
Ice Magic      | 4 5 6 7 8 9 10 11 15 14 | 15.0
Spellcasting   | 3 5 6 7 8 9 |  9.0
Fighting       | 1 2 6 7 10 12 13 15 | 15.0
Dodging        | 3 4 6 8 10 9 | 10.0
Stealth        | 3 5 6 8 10 12 11 | 12.0
Unarmed Combat | 1 2 4 6 8 10 | 10.0
Conjurations   | 1 4 6 8 10 12 | 12.0
Evocations     | 4 6 8 7 |  8.0
Earth Magic    | 1 4 6 |  6.6

Action                   |  1- 3 |  4- 6 |  7- 9 | 10-12 | 13-15 || total
-------------------------+-------+-------+-------+-------+-------++-------
Melee: Unarmed           |    18 |    68 |   132 |   102 |   462 ||   782
       Bite              |     2 |    10 |    12 |     8 |    72 ||   104
       Punch             |       |     1 |     3 |     5 |    39 ||    48
 Cast: Freeze            |    62 |    21 |    28 |     2 |    12 ||   125
       Frozen Ramparts   |     3 |    23 |    47 |    37 |    96 ||   206
       Ozocubu's Armour  |       |    10 |    54 |    39 |   103 ||   206
       Hailstorm         |       |       |    26 |    44 |   105 ||   175
       Searing Ray       |       |       |    49 |    36 |     3 ||    88
       Stone Arrow       |       |       |       |    17 |   128 ||   145
       Iron Shot         |       |       |       |       |   209 ||   209
       Ozocubu's Refrige |       |       |       |       |    28 ||    28
       Freezing Cloud    |       |       |       |       |     1 ||     1
Evoke: Wand              |       |       |    15 |     8 |    21 ||    44
       Phantom mirror    |       |       |       |     1 |     1 ||     2
  Use: Scroll            |     4 |     6 |     6 |     3 |    11 ||    30
       Potion            |       |       |     4 |     1 |     3 ||     8
 Stab: Sleeping          |     7 |     6 |    20 |    16 |    40 ||    89
       Distracted        |       |     1 |       |     1 |     3 ||     5
       Petrified         |       |       |       |       |     3 ||     3
Armor: Skin              |     2 |     9 |    27 |    34 |   125 ||   197
Dodge: Dodged            |    41 |    58 |   211 |   220 |   764 ||  1294

Table legend: (Time is in decaauts)
 A = Elapsed time spent in this place.
 B = Non-inter-level travel time spent in this place.
 C = Inter-level travel time spent in this place.
 D = Time resting spent in this place.
 E = Time spent auto-exploring this place.
 F = Levels seen in this place.
 G = Mean time per level.
                   A        B        C        D        E       F      G
               +--------+--------+--------+--------+--------+-----+--------+
         Total |  39736 |  37203 |   2533 |  12651 |  17997 |  28 | 1419.1 |
       Dungeon |  22548 |  21166 |   1382 |   6941 |  11110 |  15 | 1503.2 |
        Temple |    171 |    139 |     32 |      0 |    129 |   1 |  171.0 |
          Lair |   8526 |   7691 |    835 |   2751 |   3811 |   6 | 1421.0 |
         Swamp |    183 |    174 |      9 |    132 |     18 |   1 |  183.0 |
   Spider Nest |   1621 |   1600 |     21 |    531 |    830 |   1 | 1621.0 |
  Orcish Mines |   3417 |   3165 |    252 |    989 |    919 |   2 | 1708.5 |
         Sewer |   1124 |   1124 |      0 |      0 |    900 |   1 | 1124.0 |
        Bailey |   2143 |   2143 |      0 |   1304 |    277 |   1 | 2143.0 |
               +--------+--------+--------+--------+--------+-----+--------+

Top non-repeatable levels by time:
    D:13: 3071 daAuts
   Orc:2: 2755 daAuts
  Lair:6: 2707 daAuts
    D:14: 2524 daAuts
     D:8: 2150 daAuts
  Bailey: 2143 daAuts
  Lair:4: 1892 daAuts
    D:15: 1756 daAuts
Spider:1: 1621 daAuts
     D:9: 1475 daAuts
     D:7: 1471 daAuts
     D:1: 1436 daAuts
    D:10: 1415 daAuts
     D:2: 1296 daAuts
     D:6: 1253 daAuts
